 Dungeon Crawl Stone Soup version 0.31.0-9-g3a7656b989 (console) character file.

Game seed: 17281702510086292871

2047 AlterAsc the Covert (level 9, 0/46 HPs)
             Began as a Vampire Enchanter on Jan 29, 2024.
             Was a Believer of Wu Jian.
             Slain by an ogre
             ... wielding a +0 giant club
              (25 damage)
             ... on level 7 of the Dungeon.
             The game lasted 00:23:26 (7246 turns).

AlterAsc the Covert (Vampire Enchanter)             Turns: 7246, Time: 00:23:26

Health: 0/46       AC:  7    Str:  7    XL:     9   Next: 4%
Magic:  1/22       EV: 12    Int: 17    God:    Wu Jian [**....]
Gold:   21         SH:  0    Dex: 19    Spells: 9/14 levels left

rFire   . . .        j - +1 dagger (elec)
rCold   + + .        (no shield)
rNeg    + + +        k - +2 animal skin
rPois   ∞            (no helmet)
rElec   .            J - +1 cloak {Stlth+}
rCorr   .            D - +0 pair of gloves
SInv    +            (no boots)
Will    +....        (no amulet)
Stlth   ++++++++     h - ring of magical power
HPRegen 0.00/turn    I - ring of willpower
MPRegen 0.18/turn

%: no passive effects
@: confusing by touch, very slightly contaminated, bloodless, inhibited regen,
invisible
A: bloodless, fangs 3, see invisible, vampiric 2
a: Bat Form, Revivify, Renounce Religion, Wall Jump


You were on level 7 of the Dungeon.
You worshipped Wu Jian.
Wu Jian was pleased with you.
You visited 2 branches of the dungeon, and saw 8 of its levels.
You also visited: Ossuary.

You collected 219 gold pieces.
You spent 198 gold pieces at shops.

Inventory:

Hand Weapons
 a - a +1 dagger
 j - a +1 dagger of electrocution (weapon)
 G - a +3 dagger of chaos
 K - a +0 whip
Missiles
 g - 6 poisoned darts (quivered)
Armour
 b - a +0 robe
 k - a +2 animal skin (worn)
 D - a +0 pair of gloves (worn)
 J - a +1 cloak of stealth (worn)
Jewellery
 f - a ring of protection from cold
 h - a ring of magical power (left hand)
 o - an amulet of regeneration
 t - a ring of ice
 w - a ring of protection from cold
 F - the ring "Yleretza" {*Corrode rN+ Str+6 Dex-2 Stlth+}
   (You found it on level 4 of the Dungeon)

   [ring of positive energy]

   Str+6:     It affects your strength (+6).
   Dex-2:     It affects your dexterity (-2).
   rN+:       It protects you from negative energy.
   *Corrode:  It may corrode you when you take damage.
   Stlth+:    It makes you more stealthy.
 I - a ring of willpower (right hand)
Wands
 u - a wand of iceblast (10)
 E - a wand of flame (9)
Scrolls
 m - 2 scrolls of brand weapon
 q - 2 scrolls of enchant armour {unknown}
 s - 6 scrolls of teleportation
 x - a scroll of immolation {unknown}
 y - 2 scrolls of identify
 z - a scroll of poison {unknown}
 A - a scroll of blinking {unknown}
 C - a scroll of revelation {unknown}
Potions
 c - 3 potions of invisibility
 d - 2 potions of degeneration
 e - 6 potions of curing
 i - a potion of lignification
 l - 4 potions of might
 n - a potion of resistance {unknown}
 p - 2 potions of heal wounds {unknown}
 r - 2 potions of mutation {unknown}
 v - 5 potions of attraction
 B - 2 potions of enlightenment
 H - a potion of haste {unknown}
 L - a potion of ambrosia {unknown}


   Skills:
 + Level 0.9 Fighting
 + Level 1.8 Short Blades
 - Level 2.1 Dodging
 + Level 12.7 Stealth
 + Level 3.2 Spellcasting
 + Level 12.0 Hexes
 - Level 2.0 Ice Magic


You had 9 spell levels left.
You knew the following spells:

 Your Spells              Type           Power      Damage    Failure   Level
a - Ensorcelled Hibernat  Hex/Ice        52%        N/A       1%          2
b - Confusing Touch       Hex            43%        N/A       1%          3

Your spell library contained the following spells:

 Spells                   Type           Power      Damage    Failure   Level
 Sigil of Binding         Hex            43%        N/A       1%          3
 Tukima's Dance           Hex            43%        N/A       1%          3
 Dazzling Flash           Conj/Hex       46%        N/A       4%          3
 Freeze                   Ice            36%        1d5       8%          1
 Dimensional Bullseye     Hex/Tloc       11%        N/A       14%         4
 Shock                    Conj/Air       8%         1d3       17%         1
 Frozen Ramparts          Ice            18%        1d3       22%         3
 Hailstorm                Conj/Ice       6%         3d5       34%         3
 Summon Ice Beast         Ice/Summ       6%         N/A       34%         3
 Call Canine Familiar     Summ           2%         N/A       45%         3
 Swiftness                Air            2%         N/A       45%         3
 Airstrike                Air            1%         2d(1-17)  86%         4
 Sculpt Simulacrum        Ice/Alch       3%         N/A       100%        6


Dungeon Overview and Level Annotations

Branches:
Dungeon (7/15)             Temple (1/1) D:6         Ossuary (visited)

Altars:
Ashenzari
Cheibriados
Dithmenos
Fedhas
Gozag
Hepliaklqana
Kikubaaqudgha
Makhleb
Nemelex Xobeh
Qazlal
Ru
Trog
Uskayaw
Vehumet
Wu Jian
Xom

Shops:
D:3 *   D:5 =

Annotations:
D:4 3 runed translucent doors, CapUranus's ghost, amateur GrFi


Innate Abilities, Weirdness & Mutations

You do not regenerate when monsters are visible.
You are frail without blood (-20% HP).
You can heal yourself when you bite living creatures.
You are immune to poison.
You have razor-sharp teeth.
You have supernaturally acute eyesight. (SInv)
You are afflicted with vampirism and can become a bat while bloodless.


Message History

There is a stone staircase leading up here.
Casting: Ensorcelled Hibernation (safe; 1% risk of failure)
Confirm with . or Enter, or press ? or * to list all spells.
Aiming: Ensorcelled Hibernation (safe; 1% risk of failure)
Press: ? - help, Shift-Dir - straight line, f/p - ogre
Aim: an ogre, wielding a +0 giant club (unable to see you, chance to affect: 57%)
The ogre looks drowsy...
Casting: Ensorcelled Hibernation (safe; 1% risk of failure)
Confirm with . or Enter, or press ? or * to list all spells.
Aiming: Ensorcelled Hibernation (safe; 1% risk of failure)
Press: ? - help, Shift-Dir - straight line, f/p - ogre
Aim: an ogre, wielding a +0 giant club (asleep, unable to see you, not susceptible)
The ogre is unaffected.
The gnoll hits you from afar with a +0 spear.
Casting: Ensorcelled Hibernation (safe; 1% risk of failure)
Confirm with . or Enter, or press ? or * to list all spells.
Aiming: Ensorcelled Hibernation (safe; 1% risk of failure)
Press: ? - help, Shift-Dir - straight line, f/p - ogre
Aim: an ogre, wielding a +0 giant club (wandering, unable to see you, hasn't noticed you, not susceptible)
The ogre is unaffected.
The gnoll closely misses you. The ogre hits you with a +0 giant club!
There is an open door, spattered with blood here.
Things that are here:
a +1 flail of draining; a gnoll corpse
Press: ? - help, v - describe, . - travel
Here: a gnoll, wielding a +0 club (moderately wounded, confused, unable to see you)
The floor.
You lunge at the gnoll, in a flurry of attacks.
You hit the gnoll but do no damage. Lightning courses through the gnoll!
The gnoll is almost dead.
You hit the gnoll. Lightning courses through the gnoll!
You kill the gnoll!
The Council accepts your kill.
Casting: Ensorcelled Hibernation (safe; 1% risk of failure)
Confirm with . or Enter, or press ? or * to list all spells.
Your hands begin to glow red.
You barely miss the ogre. You hit the ogre but do no damage.
You punch the ogre, but do no damage.
The ogre hits you with a +0 giant club!!
Ouch! That really hurt!
You die...

... .... ....######
.......
.........#####........
.........#(<.#........
.........#..g#..O.....
.........#)..#........
......)..#O###.......
..###+#..@....)...#
#...........#
#...........#
#...........#
#...........#
................
...#+###.......... ...
#..........
#..........
#..........


You could see an ogre (unable to see you) and a gnoll (wandering, unable to see
you).

Vanquished Creatures
  A wyvern (D:6)
  A sky beast (D:6)
  An ogre (D:5)
  A centaur (D:6)
  A kobold brigand (D:6)
  A phantom (D:5)
  A bullfrog (D:5)
  3 scorpions
  3 bullfrog zombies (Ossuary)
  A crimson imp (D:4)
  2 hounds (D:5)
  A bombardier beetle (D:5)
  A jelly (D:4)
  2 orc priests
  3 gnoll boudas
  11 mummies (Ossuary)
  A sleepcap (D:6)
  Jessica (D:3)
  3 iguanas (D:5)
  2 orc wizards (D:6)
  A killer bee zombie (Ossuary)
  3 crocodile zombies (Ossuary)
  2 hound zombies (Ossuary)
  Robin (D:2)
  2 howler monkey zombies (Ossuary)
  15 gnolls
  3 adders
  2 white imps (D:6)
  2 ribbon worms (D:2)
  2 dart slugs (D:5)
  7 orcs
  5 ball pythons
  6 endoplasms
  5 giant cockroaches
  19 goblins
  8 hobgoblins
  8 jackals
  9 kobolds
  4 quokkas
  5 ball python zombies (Ossuary)
  7 bats
  5 frilled lizards
  3 rats (D:1)
165 creatures vanquished.

Notes
Turn   | Place    | Note
-------+----------+-------------------------------------------
     0 | D:1      | AlterAsc the Vampire Enchanter began the quest for the Orb.
     0 | D:1      | Reached XP level 1. HP: 13/13 MP: 3/3
   174 | D:1      | Reached skill level 5 in Stealth
   174 | D:1      | Reached XP level 2. HP: 19/19 MP: 5/5
   178 | D:1      | Learned a level 2 spell: Ensorcelled Hibernation
   285 | D:1      | Reached skill level 5 in Hexes
   574 | D:1      | Gained mutation: You are afflicted with vampirism and can
                  | become a bat while bloodless. [Vampire growth]
   574 | D:1      | Reached XP level 3. HP: 19/19 MP: 6/6
  1336 | D:2      | Learned a level 3 spell: Confusing Touch
  1493 | D:2      | Found a faded altar of an unknown god.
  1770 | D:2      | Noticed Robin
  1797 | D:2      | Reached XP level 4. HP: 24/24 MP: 6/7
  1803 | D:2      | Killed Robin
  1804 | D:2      | Reached skill level 1 in Ice Magic
  2787 | D:3      | Found Kunu's General Store.
  3061 | D:3      | Noticed Jessica
  3068 | D:3      | Killed Jessica
  3069 | D:3      | Reached XP level 5. HP: 28/28 MP: 8/8
  3523 | D:4      | You fall into a shaft and drop 2 floors!
  3526 | D:6      | Found a staircase to the Ecumenical Temple.
  3534 | Temple   | Entered the Ecumenical Temple
  3546 | Temple   | Became a worshipper of the Wu Jian Council
  3573 | D:5      | Entered Level 5 of the Dungeon
  3573 | D:5      | Found Cimie's Jewellery Boutique.
  3621 | D:6      | Noticed a centaur
  3625 | D:6      | Killed a centaur
  3651 | D:6      | Found a sand-covered staircase.
  3657 | D:5      | Reached XP level 6. HP: 32/32 MP: 10/10
  3705 | Ossuary  | Entered an ossuary
  3937 | Ossuary  | Reached XP level 7. HP: 31/36 MP: 11/11
  4313 | Ossuary  | Reached * piety under Wu Jian
  4646 | D:6      | Found a sparkling altar of Nemelex Xobeh.
  4678 | D:6      | Identified the +2 ring mail of Day {Dex+7}
  4695 | D:6      | Noticed a wyvern
  4718 | D:6      | Killed a wyvern
  4719 | D:6      | Reached skill level 10 in Stealth
  4719 | D:6      | Reached XP level 8. HP: 29/41 MP: 11/12
  4814 | D:6      | Identified the +1 ring mail of Apathy {rF+ rN+ Regen+
                  | Dex-3}
  4882 | D:6      | Reached skill level 10 in Hexes
  4949 | D:6      | Found a shadowy altar of Dithmenos.
  5747 | D:4      | Found a runed translucent gate.
  5748 | D:4      | Found a runed translucent gate.
  5748 | D:4      | Found a runed translucent gate.
  5761 | D:4      | Identified the ring "Yleretza" {*Corrode rN+ Str+6 Dex-2
                  | Stlth+}
  5775 | D:4      | Noticed CapUranus's ghost (amateur GrFi)
  5793 | D:4      | Found a burning altar of Makhleb.
  5793 | D:4      | Found a shimmering altar of Xom.
  6310 | D:3      | Bought a +1 cloak of stealth for 198 gold pieces
  6611 | D:5      | Reached ** piety under Wu Jian
  7129 | D:5      | Reached XP level 9. HP: 46/46 MP: 13/13
  7246 | D:7      | Slain by an ogre

Illustrated notes

Levels and vault maps discovered:
D:1:      tarquinn_simple_flora_water_c, layout_basic, serial_glass,
          glass_columns_a, glass_columns_c, minmay_strange_pillars,
          item_on_display_a
D:2:      layout_basic, shapermc_ecumenical_altar_mp_highgroup, st_stairs_13,
          uniq_robin
D:3:      layout_basic, serial_shops, shop, minmay_cut_off, uniq_jessica
D:4:      layout_basic, grunt_temple_overflow_champion_of_chaos,
          ebering_ghost_rock_garden
D:5:      layout_loops_corners, serial_shops, nicolae_take_the_stairs
D:6:      layout_basic, general_overflow_altar, nemelex_spade_bored_becter,
          minmay_temple_entry_crystal_x, nicolae_ossuary_entry_ruins
D:7:      layout_gridville, gammafunk_temple_overflow_elements,
          nicolae_the_louvre, uniq_pikel, uniq_crazy_yiuf_cottage
Temple:   nicolae_temple_bog_church

Skill      XL: |  1  2  3  4  5  6  7  8  9 |
---------------+----------------------------+-----
Stealth        | 5 6 7 8 10 12 | 12.7
Hexes          | 5 6 8 9 11 12 | 12.0
Ice Magic      | 1 2 |  2.0
Spellcasting   | 3 |  3.2
Fighting       | |  0.9
Short Blades   | |  1.8
Dodging        | |  2.1

Action                     |  1- 3 |  4- 6 |  7- 9 || total
---------------------------+-------+-------+-------++-------
  Melee: Dagger            |   110 |   116 |   173 ||   399
         Bite              |     8 |    16 |    18 ||    42
         Punch             |       |       |     3 ||     3
   Cast: Ensorcelled Hiber |    30 |    24 |    56 ||   110
         Confusing Touch   |       |     8 |    20 ||    28
Ability: Exsanguinate      |     1 |       |       ||     1
         Lunge             |       |     9 |    30 ||    39
         Whirlwind         |       |       |     1 ||     1
    Use: Scroll            |       |     5 |     3 ||     8
         Potion            |       |       |     4 ||     4
   Stab: Sleeping          |    31 |    25 |    46 ||   102
         Distracted        |       |     1 |     1 ||     2
         Confused          |       |     3 |     9 ||    12
         Invisible         |       |       |     4 ||     4
 Armour: Robe              |    80 |     8 |       ||    88
         Animal skin       |       |    48 |    68 ||   116
  Dodge: Dodged            |    93 |    79 |    69 ||   241
